AoeStats
← SpiggyWarrior

Arena

510399874Analyzed
2v2 RM · 19h ago on Sep 30, 2026· 61m 59s· 4 players
Game mode
Random Map
Map size
Medium (4 player)
Population
200
Speed
Normal
Resources
Standard
Victory
Conquest
Starting age
Dark Age
Ending age
Imperial Age
RankedLock teamsTeams togetherTeam positionsShared explorationLock speedFull tech treeHidden civsTurbo modeCheats
Victory
Defeat
🇮🇹 Romans · Italy
997
+17
🇨🇴 Chinese · Colombia
995
+17
🇿🇦 Ethiopians · South Africa
1036
-18
🇲🇽 Franks · Mexico
984
-16
SpiggyWarrior
10:50 Feudal Age
14:52 Castle Age
13:15 Double-Bit Axe
13:27 Stone Mining
15:46 Bow Saw
15:54 Horse Collar
19:37 Gold Mining
24:23 Ballistics
26:53 Heavy Plow
34:04 Imperial Age
31:42 Ballistas
32:08 Scale Mail Armor
32:19 Forging
32:03 Pikeman
37:22 Imperial Age
39:23 Heavy Scorpion
45:33 Chain Mail Armor
45:54 Iron Casting
47:25 Squires
48:10 Man-at-Arms
50:00 Blast Furnace
49:27 Conscription
49:04 Long Swordsman
49:43 Legionary
54:20 Capped Ram
Sebastian Quintero Arias
10:57 Feudal Age
16:53 Castle Age
18:34 Double-Bit Axe
28:36 Horse Collar
33:28 Scale Mail Armor
33:18 Fletching
34:21 Bow Saw
36:30 Heavy Plow
38:09 Wheelbarrow
41:03 Imperial Age
38:41 Bodkin Arrow
38:46 Padded Archer Armor
40:24 Chain Mail Armor
40:19 Forging
42:47 Plate Mail Armor
42:53 Iron Casting
45:17 Elite Fire Lancer
45:59 Squires
45:44 Arson
47:32 Light Cavalry
48:22 Bloodlines
49:07 Scale Barding Armor
50:02 Blast Furnace
50:40 Chemistry
55:12 Pikeman
57:10 Padded Archer Armor
60:37 Chain Barding Armor
61:05 Elite Skirmisher
61:51 Thumb Ring
elmoycarmine
0:38 Loom
10:35 Feudal Age
14:15 Castle Age
12:26 Double-Bit Axe
24:36 Scale Barding Armor
24:42 Forging
25:30 Husbandry
27:28 Wheelbarrow
32:15 Imperial Age
29:59 Bow Saw
30:09 Hand Cart
29:40 Town Watch
31:10 Iron Casting
31:31 Chain Barding Armor
33:24 Cavalier
35:10 Blast Furnace
34:45 Plate Barding Armor
35:43 Chemistry
34:25 Treadmill Crane
34:51 Siege Engineers
35:21 Paladin
36:47 Conscription
37:30 Ballistics
37:23 Masonry
37:53 Hoardings
42:08 Chivalry
44:41 Light Cavalry
48:37 Cranequins
48:41 Elite Throwing Axeman
48:45 Ordonnance Companies
54:19 Fletching
55:49 Bodkin Arrow
59:28 Elite Skirmisher
BaseBuilder
10:36 Feudal Age
14:24 Castle Age
26:20 Wheelbarrow
29:55 Double-Bit Axe
38:32 Husbandry
41:38 Imperial Age
40:03 Gold Mining
40:45 Light Cavalry
41:40 Onager
42:41 Torsion Engines
45:56 Chemistry
48:18 Siege Onager
54:15 Crossbowman
54:53 Fletching
56:04 Arbalester
Connection lost

Rejoining the realm…

Still unreachable

The connection could not be restored.

Session expired

The server has moved on; the page needs a fresh start.